 Dungeon Crawl Stone Soup version 0.28.0-53-g5a82cb258f (webtiles) character file.

Game seed: 3336780845824316933

570 Logoto the Conjurer (level 7, 0/53 HPs)
             Began as a Red Draconian Conjurer on Aug 2, 2022.
             Slain by a two-headed ogre
             ... wielding a +0 giant club
              (10 damage)
             ... on level 6 of the Dungeon.
             The game lasted 00:18:40 (6458 turns).

Logoto the Conjurer (Red Draconian Conjurer)        Turns: 6458, Time: 00:18:41

Health: 0/53       AC:  6    Str: 11    XL:     7   Next: 11%
Magic:  4/11       EV: 12    Int: 25    God:
Gold:   185        SH:  0    Dex:  9    Spells: 3/11 levels left

rFire   + + .      SeeInvis .   u - +2 rapier (venom)
rCold   + . .      Faith    .   (no shield)
rNeg    . . .      Spirit   .   (armour unavailable)
rPois   .          Reflect  .   (helmet restricted)
rElec   .          Harm     .   v - scarf {rC+ rF+}
rCorr   .          Rampage  .   (no gloves)
Will    .....                   (no boots)
Stlth   ++........              (no amulet)
HPRegen 0.17/turn               d - +6 ring of intelligence
MPRegen 0.12/turn               (no ring)

@: no status effects
A: breathe fire, AC +6, unfitting armour, fire resistance 1, cold-blooded
a: Breathe Fire


You were on level 6 of the Dungeon.
You visited 1 branch of the dungeon, and saw 6 of its levels.

You collected 185 gold pieces.

Inventory:

Hand Weapons
 a - a +0 dagger of venom
 j - a +1 dagger of speed
 r - a +2 quarterstaff of chaos
 u - a +2 rapier of venom (weapon)
Missiles
 p - 4 boomerangs
Armour
 s - a +2 cloak
 v - a scarf of resistance (worn)
Magical Staves
 f - a staff of air
 h - a staff of fire
Jewellery
 d - a +6 ring of intelligence (left hand)
Wands
 o - a wand of mindburst (15)
Scrolls
 b - 2 scrolls of blinking {unknown}
 c - 4 scrolls of fear
 g - 2 scrolls of immolation {unknown}
 i - a scroll of holy word {unknown}
 k - a scroll of identify {unknown}
 l - 2 scrolls of teleportation {unknown}
 m - a scroll of torment {unknown}
 n - 2 scrolls of vulnerability {unknown}
Potions
 e - a potion of brilliance {unknown}
 q - 2 potions of might {unknown}
 t - 2 potions of curing {unknown}


   Skills:
 + Level 1.8 Fighting
 + Level 2.8 Short Blades
 - Level 1.2 Staves
 + Level 2.9 Dodging
 + Level 3.3 Stealth
 + Level 2.9 Spellcasting
 + Level 5.0 Conjurations
 * Level 3.4 Fire Magic


You had 3 spell levels left.
You knew the following spells:

 Your Spells              Type           Power      Damage    Failure   Level
a - Magic Dart            Conj           100%       1d8       1%          1
b - Searing Ray           Conj           58%        2d6       1%          2
c - Dazzling Flash        Conj/Hex       32%        N/A       11%         3
d - Call Imp              Summ           3%         N/A       16%         2

Your spell library contained the following spells:

 Spells                   Type           Power      Damage    Failure   Level
 Animate Skeleton         Necr           6%         N/A       11%         1
 Apportation              Tloc           6%         N/A       11%         1
 Summon Small Mammal      Summ           12%        N/A       11%         1
 Mephitic Cloud           Conj/Pois/Air  12%        N/A       16%         3
 Fulminant Prism          Conj/Hex       8%         3d7       34%         4
 Iskenderun's Mystic Bla  Conj/Tloc      16%        2d5       34%         4


Dungeon Overview and Level Annotations

Branches:
Dungeon (6/15)
 Temple: D:4-7

Altars:

Shops:
D:1 ?   D:2 :

Annotations:
D:5 Eustachio


Innate Abilities, Weirdness & Mutations

You can breathe blasts of fire.
Your fiery red scales are hard. (AC +6)
You cannot fit into any form of body armour.
Your flesh is heat resistant. (rF+)
You are cold-blooded and may be slowed by cold attacks.


Message History

You puncture the hound zombie!
You destroy the hound zombie!
An ogre comes into view. It is wielding a +0 giant club.
Eustachio the Magnificent comes into view.
He is wielding a +0 rapier and carrying a wand of flame (12).
There is a stone staircase leading down here.
You climb downwards.
Found a leather armour.
There is a stone staircase leading up here.
Casting: Magic Dart (safe; 1% risk of failure)
Confirm with . or Enter, or press ? or * to list all spells.
Aiming: Searing Ray (safe; 1% risk of failure)
Press: ? - help, Shift-Dir - straight line, f - two-headed ogre
Aim: a two-headed ogre, wielding two +0 giant clubs (asleep, 100% to hit)
The searing ray hits the two-headed ogre!
The two-headed ogre is lightly wounded. (Press . to maintain the ray.)
The searing ray hits the two-headed ogre!
The two-headed ogre is moderately wounded.
The searing ray hits the two-headed ogre.
The two-headed ogre is moderately wounded.
Casting: Searing Ray (safe; 1% risk of failure)
Confirm with . or Enter, or press ? or * to list all spells.
Casting: Dazzling Flash (dangerous; 11% risk of failure)
Press: ? - help, Dir - look around, f - activate The two-headed ogre hits you with a +0 giant club!!
Ouch! That really hurt!
The two-headed ogre misses you.
Found a great mace.
Casting: Dazzling Flash (dangerous; 11% risk of failure)
Confirm with . or Enter, or press ? or * to list all spells.
Aiming: Magic Dart (safe; 1% risk of failure)
Press: ? - help, Shift-Dir - straight line, f - two-headed ogre
Aim: a two-headed ogre, wielding two +0 giant clubs (moderately wounded, 100% to hit)
The magic dart hits the two-headed ogre.
The two-headed ogre is moderately wounded.
Found 13 stones.
The two-headed ogre hits you with a +0 giant club!
* * * LOW HITPOINT WARNING * * *
The two-headed ogre hits you with a +0 giant club!
You die...

.#. ##(###.
.....##......
......#......
............
#..).......#
#..........##
#...........#
#........@.####.
#........O.......
#................
###..............
###............
#..<......##.
#......#..##
#....##.##..#
...... ... ..#


You could see a two-headed ogre.

Vanquished Creatures
  2 ogres
  A water moccasin zombie (D:5)
  3 hounds
  Crazy Yiuf (D:4)
  A gnoll shaman (D:5)
  An iguana (D:5)
  2 orc wizards (D:4)
  A hound zombie (D:5)
  4 gnolls (D:5)
  An adder zombie (D:5)
  3 worms
  3 orcs
  4 bats
  3 endoplasms
  2 giant cockroaches
  6 goblins
  3 hobgoblins
  3 jackals (D:1)
  2 quokkas
  2 ball pythons
  5 frilled lizards
  4 kobolds
  3 rats
60 creatures vanquished.

Notes
Turn   | Place    | Note
-------+----------+-------------------------------------------
     0 | D:1      | Logoto the Draconian Conjurer began the quest for the Orb.
     0 | D:1      | Reached XP level 1. HP: 14/14 MP: 3/3
    14 | D:1      | Found Faugey's Magic Scroll Shoppe.
   237 | D:1      | Found a faded altar of an unknown god.
   468 | D:1      | Reached XP level 2. HP: 18/20 MP: 5/5
  1882 | D:2      | Found Mustriach's Book Boutique.
  2961 | D:2      | Reached XP level 3. HP: 26/26 MP: 3/6
  3739 | D:3      | Learned a level 2 spell: Searing Ray
  4418 | D:4      | Reached skill level 1 in Short Blades
  4418 | D:4      | Reached skill level 1 in Fire Magic
  4418 | D:4      | Reached XP level 4. HP: 32/34 MP: 2/7
  4608 | D:4      | Noticed an ogre
  4661 | D:4      | Killed an ogre
  4662 | D:4      | Reached skill level 1 in Fighting
  4662 | D:4      | Reached skill level 1 in Staves
  4662 | D:4      | Reached XP level 5. HP: 28/40 MP: 2/8
  5047 | D:5      | Entered Level 5 of the Dungeon
  5466 | D:4      | Found a runed translucent door.
  5467 | D:4      | Noticed Crazy Yiuf
  5474 | D:4      | Killed Crazy Yiuf
  5663 | D:5      | Reached XP level 6. HP: 38/47 MP: 5/9
  6183 | D:5      | Reached skill level 5 in Conjurations
  6186 | D:5      | Your scales start taking on a fiery red colour.
  6186 | D:5      | Reached XP level 7. HP: 32/53 MP: 4/11
  6186 | D:5      | Gained mutation: Your flesh is heat resistant. (rF+) [Red
                  | Draconian growth]
  6363 | D:5      | Learned a level 3 spell: Dazzling Flash
  6366 | D:5      | Learned a level 2 spell: Call Imp
  6439 | D:5      | Noticed Eustachio
  6448 | D:6      | Noticed a two-headed ogre
  6458 | D:6      | Slain by a two-headed ogre

Illustrated notes

Levels and vault maps discovered:
D:1:      scummos_arrival_star, layout_basic, chequers_ecumenical_altar_simple,
          serial_shops, shop
D:2:      layout_basic, serial_shops, shop_statue
D:3:      layout_rooms, kennysheep_generic_room_9
D:4:      layout_basic, kennysheep_generic_room_5, uniq_crazy_yiuf_cottage
D:5:      layout_loops_cross, serial_park_tiny_pond, uniq_eustachio
D:6:      layout_cave_pools, mainiacjoe_overflow_small_starburst

Skill      XL: |  1  2  3  4  5  6 |
---------------+-------------------+-----
Dodging        | 2 |  2.9
Stealth        | 2 3 |  3.3
Short Blades   | 1 2 |  2.8
Fire Magic     | 1 2 3 |  3.4
Fighting       | 1 |  1.8
Staves         | 1 |  1.2
Conjurations   | 5 |  5.0
Spellcasting   | |  2.9

Action                   |  1- 3 |  4- 6 |  7- 9 || total
-------------------------+-------+-------+-------++-------
Melee: Short sword       |    20 |       |       ||    20
       Staff             |    41 |       |       ||    41
       Tailslap          |    14 |     5 |       ||    19
       Dagger            |    41 |    28 |       ||    69
       Punch             |     1 |       |       ||     1
       Rapier            |       |    16 |     8 ||    24
 Cast: Magic Dart        |    35 |     7 |     8 ||    50
       Searing Ray       |     3 |    18 |     1 ||    22
       Dazzling Flash    |       |       |     1 ||     1
 Abil: Breathe Fire      |       |       |     1 ||     1
  Use: Scroll            |       |     1 |       ||     1
 Stab: Sleeping          |     5 |     1 |       ||     6
Armor: Skin              |    23 |    17 |     3 ||    43
Dodge: Dodged            |    53 |    25 |     6 ||    84
